 Dungeon Crawl Stone Soup version 0.28.0-47-ge53b351184 (webtiles) character file.

Game seed: 8050222095918425639

52 101zpm the Magician (level 4, 0/46 HPs)
             Began as a Djinni Fire Elementalist on Apr 30, 2022.
             Slain by Ijyb
             ... wielding a +0 club
              (1 damage)
             ... on level 2 of the Dungeon.
             The game lasted 00:03:47 (2835 turns).

101zpm the Magician (Djinni Fire Elementalist)      Turns: 2835, Time: 00:03:49

Health: 0/46       AC: 22    Str:  7    XL:     4   Next: 8%
Gold:   36         EV:  2    Int: 18    God:
                   SH:  5    Dex: 14

rFire   . . .      SeeInvis .   (no weapon)
rCold   . . .      Faith    .   (no shield)
rNeg    . . .      Spirit   .   (armour currently unavailable)
rPois   ∞          Reflect  +   (helmet currently unavailable)
rElec   .          Harm     .   (cloak currently unavailable)
rCorr   .          Rampage  .   (gloves currently unavailable)
Will    .....      NoTele   +   (boots unavailable)
Stlth   ++........              f - amulet of reflection
HPRegen 0.15/turn               (no ring)
MPRegen 0.00/turn               (no ring)

@: tree-form (expiring)
A: stationary, stasis, torment immunity, boosted hp, sickness immunity, (fire
resistance 2), (cold vulnerability 1), float, innate caster, HP casting, extra
vitality 1
a: no special abilities


You were on level 2 of the Dungeon.
You were a tree.
You visited 1 branch of the dungeon, and saw 2 of its levels.

You collected 36 gold pieces.

Inventory:

Armour
 a - a +0 robe (melded)
 c - a scarf of shadows (melded)
Jewellery
 f - an amulet of reflection (around neck)
Scrolls
 b - a scroll of magic mapping {unknown}
 e - 3 scrolls of identify {unknown}
Potions
 d - a potion of might {unknown}
 g - 2 potions of ambrosia {unknown}
 h - a potion of degeneration {unknown}


   Skills:
 + Level 2.4 Dodging
 + Level 1.9 Stealth
 + Level 3.4 Spellcasting


You couldn't memorise any spells.
You knew the following spells:

 Your Spells              Type           Power      Damage    Failure   Level
a - Foxfire               Conj/Fire      60%        2x1d7     3%          1
b - Scorch                Fire           30%        2d7       6%          2
c - Conjure Flame         Conj/Fire      15%        6-21      12%         3
d - Inner Flame           Hex/Fire       15%        N/A       12%         3
e - Flame Wave            Conj/Fire      15%        2d6       36%         4
f - Animate Skeleton      Necr           30%        N/A       3%          1
Your spell library was empty.

Dungeon Overview and Level Annotations

Branches:
Dungeon (2/15)

Altars:

Annotations:
D:2 Ijyb


Innate Abilities, Weirdness & Mutations

You are a tree.
Your roots penetrate the ground, keeping you stationary.
You cannot be teleported.
You are immune to unholy pain and torment.
Your maximum health is greatly increased.
Your equipment is partially melded.
You are immune to sickness and miasma.
You are immune to poison.
((Your flesh is very heat resistant. (rF++)))
((You are vulnerable to cold. (rC-)))
You float through the air rather than walking.
You learn spells naturally, not from books.
Your magical power is your life essence.
You have superior vitality. (+4 MHP)


Message History

Casting: Foxfire (safe; 3% risk of failure)
Press: ? - help, Q - select action, (/) - cycle Dir - look around, f - activate You conjure some foxfire!
The goblin shouts!
* * * LOW HITPOINT WARNING * * *
Ijyb is no longer more vulnerable to fire.
You block Ijyb's attack.
You hit Ijyb.
Ijyb is severely wounded.
The foxfire hits Ijyb.
Ijyb is severely wounded.
The foxfire hits Ijyb but does no damage.
Ijyb is severely wounded.
Ijyb hits you but does no damage.
You hit Ijyb.
Ijyb is almost dead.
Your transformation is almost over.
Ijyb hits you but does no damage.
You hit Ijyb but do no damage.
Ijyb is almost dead.
Ijyb hits you with a +0 club.
* * * LOW HITPOINT WARNING * * *
Casting: Foxfire (safe; 3% risk of failure)
Press: ? - help, Q - select action, (/) - cycle Dir - look around, f - activate You conjure some foxfire!
* * * LOW HITPOINT WARNING * * *
Ijyb hits you but does no damage.
You hit Ijyb but do no damage.
Ijyb is almost dead.
The foxfire hits Ijyb but does no damage.
Ijyb is almost dead.
Ijyb screams, "Me very upset!"
Ijyb hits you but does no damage. The goblin hits you but does no damage.
Casting: Foxfire (safe; 3% risk of failure)
Press: ? - help, Q - select action, (/) - cycle Dir - look around, f - activate You conjure some foxfire!
* * * LOW HITPOINT WARNING * * *
An adder comes into view.
The goblin hits you but does no damage. Ijyb hits you with a +0 club.
You die...

.......##..#####(###
................(..#
#######....#####.#.# #....#
#)#.##############
#....#####.#.#...........<#
#.........<#.#.############
#..S#.####.#.#.#
##........ggv.#.#
#.......###♣###.#
######.......###v# #.#
#.............##.###.#
#.†.........#.#......#
#...........#.#..#####
#...........#....#
##############...# #...####
##.....#


You could see Ijyb (ally target), an adder (wandering) and a goblin.

Vanquished Creatures
  An adder (D:2)
  2 ball pythons (D:1)
  2 endoplasms (D:1)
  2 giant cockroaches
  9 goblins
  4 hobgoblins
  3 kobolds
  A quokka (D:1)
  5 bats
  3 frilled lizards (D:1)
  5 rats
37 creatures vanquished.

Vanquished Creatures (others)
  242 foxfires
242 creatures vanquished.

Grand Total: 279 creatures vanquished

Notes
Turn   | Place    | Note
-------+----------+-------------------------------------------
     0 | D:1      | 101zpm the Djinni Fire Elementalist began the quest for the
                  | Orb.
     0 | D:1      | Reached XP level 1. HP: 15/15 MP: 0/0
   257 | D:1      | Reached XP level 2. HP: 17/21 MP: 0/0
   423 | D:2      | Reached skill level 3 in Spellcasting
   480 | D:2      | Reached XP level 3. HP: 16/25 MP: 0/0
   480 | D:2      | Learned a level 1 spell: Animate Skeleton
  1324 | D:2      | Noticed Ijyb
  2410 | D:1      | Found a faded altar of an unknown god.
  2417 | D:1      | Reached XP level 4. HP: 28/31 MP: 0/0
  2835 | D:2      | Slain by Ijyb

Illustrated notes

Levels and vault maps discovered:
D:1:      mrwooster_arrival_statue, layout_rooms,
          shapermc_ecumenical_altar_notcrosses
D:2:      kennysheep_the_goblin_king, layout_basic, kennysheep_pointless_box

Skill      XL: |  1  2 |
---------------+-------+-----
Spellcasting   | 3 |  3.4
Dodging        | |  2.4
Stealth        | |  1.9

Action                   |  1- 3 |  4- 6 || total
-------------------------+-------+-------++-------
Melee: Unarmed           |       |    13 ||    13
       Punch             |       |     1 ||     1
 Cast: Foxfire           |   133 |    18 ||   151
       Inner Flame       |     4 |       ||     4
       Scorch            |       |     7 ||     7
Armor: Skin              |       |    12 ||    12
Dodge: Dodged            |       |     4 ||     4
Block: Other             |       |     4 ||     4
